Cogmind - Beta 13 @@@ ROGUE MODE // 2024.05.05 @ 00:00:25 Player: prometheus Result: Destroyed by S-10 Pest with Light Assault Rifle Performance ------------- Evolutions (1) 500 Regions Visited (2) 400 Robots Destroyed (19) 95 Value Destroyed (336) 336 Prototype IDs (0) 0 Alien Tech Used (0) 0 Bonus (0) 0 TOTAL SCORE: 1331 Bonus ------- None Cogmind --------- Core Integrity 0/400 Matter 248/300 Energy 0/300 System Corruption 0% Temperature Cool (6) Movement Core (100) Ox1 Location -9/Materials Parts ------- > --- POWER (1) -------- (None) > --- PROPULSION (2) --- (None) > --- UTILITY (4) ------ Large Battery ECM Suite > --- WEAPON (2) ------- (None) > --- INVENTORY (5) ---- Light Ion Engine Large Battery (200) Large Matter Pod (0) Small Laser Light Assault Rifle Peak State ------------ > --- POWER ------------ Ion Engine > --- PROPULSION ------- Aluminum Leg Aluminum Leg > --- UTILITY ---------- Small Storage Unit Large Battery ECM Suite Light Armor Plating > --- WEAPON ----------- Beam Rifle Assault Rifle > --- INVENTORY -------- Light Ion Engine Large Battery Large Matter Pod Medium Laser Small Laser Light Assault Rifle Mining Laser Welding Torch [Rating: 10] Favorites ----------- Power Ion Engine Engine Ion Engine Propulsion Aluminum Leg Leg Aluminum Leg Utility Small Storage Unit Device ECM Suite Storage Small Storage Unit Protection Light Armor Plating Weapon Light Assault Rifle Energy Gun Small Laser Ballistic Gun Light Assault Rifle Build | -11 -10 -9 ------- Run | Yrd Mat Mat Slots Evolved 2 | . . 2 Power . | . . . Propulsion . | . . . Utility 2 | . . 2 Weapon . | . . . Parts Attached 24 | 5 14 5 Power 3 | 1 2 . Engine 3 | 1 2 . Core . | . . . Reactor . | . . . Propulsion 3 | 2 1 . Treads . | . . . Leg 3 | 2 1 . Wheel . | . . . Hover . | . . . Flight . | . . . Utility 10 | . 7 3 Device 2 | . 1 1 Storage 6 | . 5 1 Processor . | . . . Hackware . | . . . Protection 2 | . 1 1 Artifact . | . . . Weapon 8 | 2 4 2 Energy Gun 5 | 1 2 2 Energy Cannon . | . . . Ballistic Gun 3 | 1 2 . Ballistic Cannon . | . . . Launcher . | . . . Special Weapon . | . . . Impact Weapon . | . . . Slashing Weapon . | . . . Piercing Weapon . | . . . Special Melee Weapon . | . . . Unidentified Prototypes . | . . . Parts Lost 11 | . 3 8 Power 2 | . 1 1 Propulsion 3 | . 1 2 Utility 3 | . 1 2 Weapon 3 | . . 3 Highest Loss Streak 7 | . 3 7 To Critical Strikes . | . . . Average Slot Usage (%) 90 | . 91 90 Engine 10 | . 13 7 Leg 23 | . 26 20 Device 4 | . . 10 Storage 20 | . 16 26 Protection 4 | . 4 4 Energy Gun 12 | . 14 10 Ballistic Gun 12 | . 14 9 Naked Turns . | . . . Heaviest Build 23 | 5 17 23 Greatest Support 20 | 20 20 20 Greatest Overweight (x) 1 | . 1 1 Average Overweight (x) . | . . . Largest Inventory Capacity 8 | 5 8 8 Average Capacity 7 | 5 7 7 Most Carried 8 | 2 6 8 Average Carried 3 | . 1 6 Final Capacity 8 | 5 8 5 Final Carried 6 | . 6 5 Class Distribution -------------------- 71% | Mutant 28% | Scavenger-Mutant Dominant Class ---------------- Mutant | -10/Materials Mutant | -9/Materials Resources | -11 -10 -9 ----------- Run | Yrd Mat Mat Matter Collected 475 | 242 170 63 Remotely 53 | . 53 . Salvage Created 578 | 74 287 217 Parts 41 | 4 20 17 Haulers Intercepted 1 | . 1 . Recyclers Shooed 1 | . . 1 Parts Field Recycled . | . . . Retrieved Matter . | . . . Parts Self-Destructed . | . . . Prevented . | . . . Kills | -11 -10 -9 ------- Run | Yrd Mat Mat Combat Hostiles Destroyed 10 | 1 5 4 Guns 10 | 1 5 4 Classes Destroyed 9 | 3 4 2 Worker 3 | 1 . 2 Builder 2 | . 2 . Tunneler 1 | 1 . . Hauler 1 | . 1 . Recycler 1 | . 1 . Watcher 1 | . . 1 Swarmer 3 | . 3 . Grunt 6 | 1 2 3 Sentry 1 | . . 1 Best Kill Streak 4 | 3 4 3 Combat Bots Only 3 | 1 3 2 Max Kills in Single Turn 2 | 1 2 1 Gunslinging 1 | . 1 . Exploded . | . . . Melee . | . . . Uniques/NPCs Destroyed . | . . . Combat | -11 -10 -9 -------- Run | Yrd Mat Mat Hostile Shots Fired 194 | 2 52 140 Missed 47 | . 14 33 Damage Taken 1483 | 21 369 1093 Core 457 | . 51 406 Absorbed by Shields . | . . . Core Remaining (%) 89 | 100 79 . Volleys Fired 74 | 5 42 27 Largest 2 | 2 2 2 Hottest 76 | 60 70 76 Shots Fired 138 | 10 81 47 Gun 138 | 10 81 47 Cannon . | . . . Launcher . | . . . Special . | . . . Kinetic 64 | 5 39 20 Thermal 74 | 5 42 27 Explosive . | . . . Electromagnetic . | . . . Robot Hit Streak 7 | 5 7 6 Robot Miss Streak 5 | 1 5 5 Penetration Max . | . . . Secondary Targets 1 | . 1 . Max Gunslinging Chain 1 | . 1 . Shots Hit Robots 71 | 6 42 23 Core Hits 30 | 4 14 12 Critical Kills . | . . . Critical Parts Destroyed . | . . . Critical Strikes 1 | . . 1 Burn 1 | . . 1 Melee Attacks . | . . . Impact . | . . . Slashing . | . . . Piercing . | . . . Sneak Attacks . | . . . Combat Hostiles . | . . . Follow-up Attacks . | . . . Damage Inflicted 839 | 63 409 367 Guns 839 | 63 409 367 Cannons . | . . . Explosions . | . . . Melee . | . . . Ramming . | . . . Kinetic 352 | 29 174 149 Thermal 487 | 34 235 218 Explosive . | . . . Electromagnetic . | . . . Impact . | . . . Slashing . | . . . Piercing . | . . . Highest Corruption . | . . . Average Corruption . | . . . Corruption Purged . | . . . Corruption Blocked . | . . . Overload Shots . | . . . Overflow Damage . | . . . Projectiles . | . . . Explosions . | . . . Melee . | . . . Knockbacks . | . . . Impact . | . . . Kinetic . | . . . Secondary . | . . . Self-Inflicted Damage . | . . . Shots . | . . . Rammed . | . . . Targets Rammed . | . . . Kicked . | . . . Crushed . | . . . Highest Temperature 323 | 46 323 167 Average Temperature 120 | 18 142 98 Received Heat Transfer 510 | 12 156 342 Effects 2 | . 2 . Interference 1 | . 1 . Matter Decay 1 | . 1 . Siege Activations . | . . . Robots Corrupted . | . . . Combat Hostiles . | . . . Parts Fried . | . . . Impact Corruptions . | . . . Robots Melted . | . . . Combat Hostiles . | . . . Parts Melted 2 | . 2 . Heat Transferred 1266 | 75 525 666 Parts Sabotaged . | . . . Parts Stolen . | . . . Parts Stripped . | . . . Power Chain Reactions . | . . . Alert | -11 -10 -9 ------- Run | Yrd Mat Mat Peak Influence 191 | 30 143 191 Initial 59 | . 19 59 Average 93 | 4 103 103 Maximum Alert Level . | . . . Low Security (%) 100 | 100 100 100 Level 1 . | . . . Level 2 . | . . . Level 3 . | . . . Level 4 . | . . . Level 5 . | . . . High Security . | . . . Max Security . | . . . Squads Dispatched 4 | . 2 2 Investigation 2 | . 1 1 Extermination . | . . . Reinforcement 2 | . 1 1 Assault . | . . . Garrison . | . . . Intercept . | . . . Searches Triggered . | . . . Construction Impeded . | . . . Haulers Reinforced . | . . . Active Scanning Responses . | . . . Cargo Convoy Interrupts . | . . . Stealth | -11 -10 -9 --------- Run | Yrd Mat Mat Distress Signals . | . . . Communications Jammed . | . . . Distress Signals . | . . . Times Spotted 24 | 1 6 17 Peak Tracking Total 8 | 1 3 8 Tactical Retreats 1 | . . 1 Traps | -11 -10 -9 ------- Run | Yrd Mat Mat Traps Triggered . | . . . Indirectly . | . . . Trap Hack Attempts . | . . . Triggered . | . . . Disarmed . | . . . Reprogrammed . | . . . Reused . | . . . Traps Extracted . | . . . Installed . | . . . Triggered . | . . . Machines | -11 -10 -9 ---------- Run | Yrd Mat Mat Machines Disabled . | . . . Max in Single Turn . | . . . Machines Repaired . | . . . Machines Dismantled . | . . . Machines Sabotaged . | . . . Overloaded Fab Kills . | . . . Hacking | -11 -10 -9 --------- Run | Yrd Mat Mat Machines Accessed 5 | . 3 2 Terminals 4 | . 2 2 Fabricators . | . . . Repair Stations . | . . . Recycling Units 1 | . 1 . Scanalyzers . | . . . Garrison Access . | . . . Total Hacks 11 | . 6 5 Successful 7 | . 4 3 Failed 4 | . 2 2 Catastrophic . | . . . Database Lockouts . | . . . Manual . | . . . Terminals 9 | . 4 5 Fabricators . | . . . Repair Stations . | . . . Recycling Units 2 | . 2 . Scanalyzers . | . . . Garrison Access . | . . . Terminal Hacks 6 | . 3 3 Record 6 | . 3 3 Fabricator Hacks . | . . . Repair Station Hacks . | . . . Recycling Unit Hacks 1 | . 1 . Retrieve Components 1 | . 1 . Scanalyzer . | . . . Garrison Access Hacks . | . . . Unauthorized Hacks . | . . . Terminals . | . . . Fabricators . | . . . Repair Stations . | . . . Recycling Units . | . . . Scanalyzers . | . . . Garrison Access . | . . . Data Cores Recovered . | . . . Used . | . . . Hacking Detections 4 | . 2 2 Full Trace Events 2 | . 1 1 Feedback Events . | . . . Feedback Blocked . | . . . Robot Schematics Acquired . | . . . Robots Built . | . . . Authchips . | . . . Time . | . . . Total Robot Build Rating . | . . . Part Schematics Acquired . | . . . Parts Built . | . . . Authchips . | . . . Time . | . . . Total Part Build Rating . | . . . Parts Repaired . | . . . Time . | . . . Parts Recycled . | . . . Recycled Matter . | . . . Retrieved Matter . | . . . Retrieved Components 10 | . 10 . Parts Scanalyzed . | . . . Part Schematics Acquired . | . . . Parts Damaged . | . . . Bothacking | -11 -10 -9 ------------ Run | Yrd Mat Mat Used RIF Installer . | . . . Robots Hacked . | . . . Non-combat . | . . . Combat . | . . . Robot Hacks Applied . | . . . Relay Couplers Released . | . . . Fabnet Peak Effective % . | . . . Robots Rewired . | . . . Allies Hacked . | . . . Hacks Repelled . | . . . Allies | -11 -10 -9 -------- Run | Yrd Mat Mat Total Allies . | . . . Largest Group . | . . . Highest-Rated Group . | . . . Highest-Rated Ally . | . . . Total Orders . | . . . Ally Attacks . | . . . Total Damage . | . . . Kills . | . . . Allies Corrupted . | . . . Allies Melted . | . . . Intel | -11 -10 -9 ------- Run | Yrd Mat Mat Robot Analysis Total . | . . . Derelict Logs Recovered . | . . . Drone Launches . | . . . Drone Recoveries . | . . . Exploration | -11 -10 -9 ------------- Run | Yrd Mat Mat Turns Passed 759 | 82 390 287 Spaces Moved 363 | 58 199 106 Core 18 | 18 . . Treads . | . . . Legs 345 | 40 199 106 Wheels . | . . . Hover . | . . . Flight . | . . . Fastest Speed 50 | 50 120 120 Average Speed 133 | 98 121 174 Slowest Speed 190 | 120 190 190 Overloaded Moves . | . . . Propulsion Burnouts . | . . . Robots Hopped . | . . . Cave-ins Triggered . | . . . Exploration Rate (%) 21 | 6 43 14 Regions Visited 2 Branch Regions . Pre-discovered Areas . | . . . Known Exits Taken . | . . . Unknown Exits Taken 2 | 1 1 . Scrap Searched . | . . . Spaces Dug . | . . . Terrain Destroyed . | . . . Melee . | . . . Projectile . | . . . AOE . | . . . Terrain Rammed . | . . . Walls Destroyed . | . . . Machines Disabled . | . . . Actions | -11 -10 -9 --------- Run | Yrd Mat Mat Total 510 | 74 274 162 Wait 19 | . . 19 Move 361 | 57 198 106 Hop . | . . . Pick Up 23 | 6 14 3 Fast Attach 1 | . . 1 Attach 18 | 5 9 4 Detach 5 | . 3 2 Swap 5 | . 5 . Drop 4 | 1 3 . Fire 74 | 5 42 27 Melee . | . . . Ram . | . . . Kick . | . . . Crush . | . . . Escape Stasis . | . . . Rewire . | . . . Trap . | . . . Miscellaneous . | . . . Route ------- -11/Scrapyard -10/Materials (discovered 2 exits: *Mat / [*Min]) -9/Materials History --------- Turn | Location | Event 2 | -11/Scrapyard | Met Revision 17 65 | -11/Scrapyard | Discovered new exit (range 8) 83 | -11/Scrapyard | Entered Materials 294 | -10/Materials | Lost 3 parts (1p1n1u) 425 | -10/Materials | Discovered new exit (range 15) 452 | -10/Materials | Discovered new exit (range 7) 473 | -10/Materials | Entered another Materials area 473 | -9/Materials | Evolved 2 slots: Utility x2 750 | -9/Materials | Core integrity fell below 50% 758 | -9/Materials | Core integrity fell below 20% 760 | -9/Materials | Destroyed by S-10 Pest with Light Assault Rifle Last Messages --------------- G-47 Trooper destroyed. K-01 Serf collects debris. Acquired 10 matter. K-01 Serf collects debris. G-34 Mercenary destroyed. K-01 Serf collects debris. Assault Rifle destroyed. K-01 Serf collects debris. R-06 Scavenger collects Med. Matter Pod. K-01 Serf destroyed. S-10 Pest destroyed. R-06 Scavenger collects Lgt. Ion Engine. K-01 Serf collects debris. S-10 Pest suffers critical hit (Burn). Lgt. Armor Plating destroyed. S-10 Pest destroyed. Aluminum Leg destroyed. Med. Laser destroyed. S-10 Pest destroyed. Sml. Storage Unit destroyed. Map ----- +----------------------------------------------------+ | ?????????????????????????????????????????????????? | | ?????????????????????????????????????????????????? | | ?????????????????????????????????????????????????? | | ?????????????????????????????????????????????????? | | ?????????????????????????????????????????????????? | | ?????????????????????????????????????????????????? | | ?????????????????????????????????????????????????? | | ?????????????????????????????????????????????????? | | ?????????????????????????????????????????????????? | | ?????????????????????????????????? ????????????? | | ????????????????????????????????? ^ ????????????? | | ????????????????????????????????? ????????????? | | ????????????????????????????##### ????????????? | | ???????????????????????????? ! ?????????????? | | ???????????????????????????? *%] ??????????????? | | ???????????????????????????? [%= ??????????????? | | ???????????????????????????? =%!= ???????????????? | | ???????????????????????????? %*!*????????????????? | | ????????????????????????????#*==#????????????????? | | ????????????????????????????# #????????????????? | | ????????????????????????????#* #????????????????? | | ????????????????????????????#%! #????????????????? | | ?????????????????######????## ##???????????????? | | ?????????????????# ##### = #???????????????? | | ?????????????????# gg #???????????????? | | ?????????????????# @|%s=T +???????????????? | | ?????????????????# s%s #???????????????? | | ?????????????????# ##### s #???????????????? | | ?????????????????## #????### ###???????????????? | | ??????????????????# ???????# #???????????????? ? | | ??????????????????# ??????### ###????????????+ ? | | ??????????????????+ ???????# #????????????# ? | | ??????????????????#????????# ! #????????????# ? | | ???????????????????????????+ = = #????????????# | | ???????????????????????????# #????????????# | | ???????????????????????????# #????????????# | | ???????????????????????????## ##????????????# | | ????????????????????????????# #?????????????+ | | ????????????????????????????# #?????????????# | | ????????????????????????????# #?????????????# | | ????????????????????????????# #?????????????# | | ????????????????????????????# #?????????????# | | ????????????????????????????# ##########????# | | ????????????????????????????# #????# | | ??????????????????????####### ######## #????#### | | ??????????????? #??????# #?????# | | ??????????????????????########+#######?# #?????# | | ???????????????????????# #?# #?????# | | ???????????????????????# """ ### ####### | | ???????????????????????#"" *!! / """ + + | +----------------------------------------------------+ Best States ------------- Heat Dissipation 28 Energy Generation 10 Energy Capacity 650 Matter Stores 300 Matter Capacity 300 Sight Range 16 Terrain Scan Density 10 ECM Strength 1 Armor Coverage 150 Evasion (%) 55 Item Schematics ----------------- None Robot Schematics ------------------ None Fabricated ------------ Nothing Alien Tech Used ----------------- None Achievements -------------- None Challenges ------------ None Game ------ Seed MobileDecoderBay Manual? 0 Play Time 00:18:31 Cumulative 1.1 hours Start 2024.05.04 @ 02:18:50 End 2024.05.05 @ 00:00:25 Sessions 4 Manual Loads 0 Difficulty Rogue Special Mode None Game No. 3 Rogue 3 Adventurer 0 Explorer 0 Win Type - Total 0 Types 0/0/0/0/0/0/0/0/0 Lore% 1 Gallery% 4 Achievement% 3 Wizard Run 0 Options --------- Layout 1 ASCII 0 Keyboard 0 Movement Mouse Keybinds 0 Fullscreen 1 Font 24/Smallcaps Map View 50x40 Zoom Use 0% Tactical HUD 0 Map Filters NONE Filters NONE Steam 1 RUN: d4d5e8a2-2910-42f5-8925-e77f672ae2c3